 Dungeon Crawl Stone Soup version 0.30.0 (webtiles) character file.

Game seed: 17528208992279298297

7 AlmostAGhost the Ducker (level 1, 0/16 HPs)
             Began as a Demonspawn Gladiator on May 6, 2023.
             Slain by an endoplasm (3 damage)
             ... on level 1 of the Dungeon.
             The game lasted 00:00:30 (281 turns).

AlmostAGhost the Ducker (Demonspawn Gladiator)       Turns: 281, Time: 00:00:31

Health: 0/16       AC:  4    Str: 14    XL:     1   Next: 83%
Magic:  1/1        EV: 12    Int:  9    God:
Gold:   22         SH:  0    Dex: 14    Spells: 0/0 levels left

rFire   . . .        a - +0 long sword
rCold   . . .        (no shield)
rNeg    . . .        b - +0 leather armour
rPois   .            c - +0 helmet
rElec   .            (no cloak)
rCorr   .            (no gloves)
SInv    .            (no boots)
Will    .....        (no amulet)
Stlth   +            (no ring)
HPRegen 0.22/turn    (no ring)
MPRegen 0.07/turn

%: no passive effects
@: no status effects
A: no striking features
a: no special abilities


You were on level 1 of the Dungeon.
You visited 1 branch of the dungeon, and saw 1 of its levels.

You collected 22 gold pieces.

Inventory:

Hand Weapons
 a - a +0 long sword (weapon)
Missiles
 d - 3 throwing nets (quivered)
 e - a javelin
Armour
 b - a +0 leather armour (worn)
 c - a +0 helmet (worn)
Scrolls
 f - a scroll of vulnerability {unknown}
 g - a scroll of teleportation {unknown}


   Skills:
 + Level 2.0 Fighting
 + Level 2.7 Long Blades
 + Level 1.8 Throwing
 + Level 0.1 Armour
 + Level 2.9 Dodging


You couldn't memorise any spells.
You didn't know any spells.
Your spell library was empty.

Dungeon Overview and Level Annotations

Branches:
Dungeon (1/15)

Altars:


Message History

No target in view!
A quokka comes into view.
Found a scroll labelled QUITIG RAUZ.
The helpless quokka fails to defend itself.
You hit the quokka.
You kill the quokka!
No target in view!
No target in view!
No target in view!
No target in view!
g - a scroll labelled QUITIG RAUZ You now have 22 gold pieces (gained 8).
A goblin comes into view. It is wielding a +0 dagger.
The goblin shouts!
A goblin is nearby!
An endoplasm comes into view.
A quokka comes into view.
The goblin closely misses you.
You closely miss the goblin. The goblin hits you but does no damage.
The endoplasm quivers.
You hit the goblin but do no damage. The goblin barely misses you. x2
The endoplasm barely misses you.
You barely miss the endoplasm. The endoplasm freezes you.
You are frozen.
The goblin misses you.
You hit the endoplasm but do no damage. The quokka completely misses you.
The endoplasm hits you. The goblin hits you but does no damage.
The quokka bites you but does no damage.
You hit the endoplasm.
The endoplasm is lightly wounded.
The endoplasm freezes you.
You are frozen.
The quokka barely misses you. The goblin barely misses you.
The goblin hits you but does no damage. The quokka barely misses you.
The endoplasm freezes you.
You are frozen.
The quokka attacks as you move away! The quokka bites you.
* * * LOW HITPOINT WARNING * * *
The quokka attacks as you move away! The quokka misses you.
The endoplasm attacks as you move away! The endoplasm hits you.
You die...

#. .# ### #. #. .#
..### #.#.### #.#.
#..... #.. #
#...####... #..
#.. #............
##. ##..
#...####.. #..####
....######Jrg#
#...<>
#.........@.#
######
##.#.....#..##
............#
#.#.....##.##
###.#....##....
#..............#
##
....##..##..##....
.. ##. ##....##
#.### #. . ##..##
.# ###.


You could see an endoplasm, a quokka and a goblin.

Vanquished Creatures
  2 goblins (D:1)
  A quokka (D:1)
  A frilled lizard (D:1)
  4 rats (D:1)
8 creatures vanquished.

Notes
Turn   | Place    | Note
-------+----------+-------------------------------------------
     0 | D:1      | AlmostAGhost the Demonspawn Gladiator began the quest for
                  | the Orb.
     0 | D:1      | Reached XP level 1. HP: 16/16 MP: 1/1
   281 | D:1      | Slain by an endoplasm

Illustrated notes

Levels and vault maps discovered:
D:1:      dpeg_arrival_tiny_i, layout_loops_ring, minmay_misc_feat_enclosed,
          palyth_stone_intersect, minmay_misc_feat_tower

Action                     || total
---------------------------++-------
  Melee: Long sword        ||    38
   Stab: Sleeping          ||     1
 Armour: Leather armour    ||    21
  Dodge: Dodged            ||    33
